 Dungeon Crawl Stone Soup version 0.25-a0-992-gca090100c3 (webtiles) character file.

Game seed: 5098430140353540584, levelgen mode: deterministic

1003 Flugslaktarn the Chopper (level 8, -7/70 HPs)
             Began as a Minotaur Fighter on May 11, 2020.
             Was an Initiate of Gozag.
             Mangled by an orc warrior
             ... wielding a +0 scimitar
              (10 damage)
             ... on level 6 of the Dungeon.
             The game lasted 00:02:12 (2982 turns).

Flugslaktarn the Chopper (Minotaur Fighter)         Turns: 2982, Time: 00:02:13

Health: -7/70      AC: 13    Str: 24    XL:     8   Next: 0%
Magic:  7/7        EV:  6    Int:  5    God:    Gozag
Gold:   170        SH: 11    Dex: 17    Spells: 7/7 levels left

rFire    . . .     SeeInvis .   a - +1 war axe
rCold    x . .     Gourm    .   c - +0 kite shield
rNeg     . . .     Faith    .   k - +0 chain mail
rPois    .         Spirit   .   (helmet restricted)
rElec    .         Reflect  .   d - scarf {cloud immunity}
rCorr    .         Harm     .   (no gloves)
MR       .....                  m - +2 pair of boots of the Heavens {rC- Str+3 Dex+5 Stlth+}
Stlth    ..........             (no amulet)
HPRegen  0.21/turn              (no ring)
MPRegen  0.10/turn              (no ring)

@: lethally poisoned (-7 -> -13)
A: retaliatory headbutt, horns 2
a: Potion Petition, Call Merchant, Bribe Branch, Renounce Religion


You were on level 6 of the Dungeon.
You worshipped Gozag.
Gozag was aware of your devotion.
You were not hungry.

You visited 2 branches of the dungeon, and saw 7 of its levels.

You collected 261 gold pieces.
You paid 91 gold pieces to Gozag.

Inventory:

Hand Weapons
 a - a +1 war axe (weapon)
Armour
 c - a +0 kite shield (worn)
 d - a scarf of cloud immunity (worn)
   (You found it on level 6 of the Dungeon)
 k - a +0 chain mail (worn)
   (You took it off an orc on level 5 of the Dungeon)
 m - the +2 pair of boots of the Heavens (worn) {rC- Str+3 Dex+5 Stlth+}
   (You found it on level 5 of the Dungeon)

   It affects your strength (+3).
   It affects your dexterity (+5).
   It makes you vulnerable to cold.
   It makes you more stealthy.
Jewellery
 j - an uncursed ring of fire
   (You found it on level 3 of the Dungeon)
Scrolls
 b - a scroll of amnesia {unknown}
 f - a scroll of enchant armour {unknown}
 i - a scroll of fog {unknown}
 n - a scroll of blinking {unknown}
 r - 3 scrolls of identify
Potions
 g - a potion of lignification {unknown}
 h - 4 potions of haste
 l - a potion of magic {unknown}
Comestibles
 e - 4 rations


   Skills:
 + Level 6.1 Fighting
 * Level 7.3 Axes
 + Level 6.1 Armour
 + Level 6.1 Shields


You had 7 spell levels left.
You didn't know any spells.
Your spell library was empty.

Dungeon Overview and Level Annotations

Branches:
Dungeon (6/15)             Temple (1/1) D:4

Altars:
Ashenzari
Cheibriados
Dithmenos
Elyvilon
Fedhas
Gozag
Hepliaklqana
Kikubaaqudgha
Makhleb
Nemelex Xobeh
Okawaru
Qazlal
Sif Muna
Trog
Vehumet
Wu Jian
Xom
Yredelemnul
Zin
The Shining One

Shops:
D:5 [

Annotations:
D:6 Maggie


Innate Abilities, Weirdness & Mutations

You reflexively headbutt those who attack you in melee.
You have a pair of horns on your head.


Message History

You hit the orc warrior but do no damage.
The orc warrior is severely wounded.
You hit Maggie. You hit the worker ant.
Your chain mail prevents you from hitting something.
The worker ant bites you.
You are poisoned.
The worker ant poisons you!
The orc warrior hits you with a +0 scimitar!
* * * LOW HITPOINT WARNING * * *
You hear some strange, mumbled words.
A magic dart appears from out of thin air!
The magic dart hits you but does no damage.
Maggie hits you with a +0 morningstar of flaming.
* * * LOW HITPOINT WARNING * * *
Maggie burns you.
* * * LOW HITPOINT WARNING * * *
You block the worker ant's attack.
The orc warrior hits you with a +0 scimitar!
You die...
Your body crumbles into a pile of gold.

######..### #.
#......## #.
###.###### #.
###...# #.
#####...### #.
#.....###
#...####
###....########
####@{......#
#.....o@a..###.%#
..........<.##
..#
......!......#
..#
.............# .#
. .............#
# .
.............# .
..............) .
.........?.## .


You could see Maggie, an orc warrior (fast) and a worker ant.

Vanquished Creatures
  Eustachio (D:4)
  A phantom (D:4)
  An ogre (D:4)
  A howler monkey (D:4)
  2 crimson imps
  A quasit (D:4)
  3 orc priests (D:4)
  3 hounds
  5 orc wizards
  3 worker ants
  A hound zombie (D:6)
  8 gnolls
  An adder (D:3)
  A howler monkey skeleton (D:4)
  4 worms
  A dart slug (D:5)
  A leopard gecko (D:2)
  15 orcs
  A giant cockroach (D:6)
  2 hobgoblins
  A quokka (D:6)
  2 kobolds (D:3)
  5 rats
64 creatures vanquished.

Notes
Turn   | Place    | Note
-------+----------+-------------------------------------------
     0 | D:1      | Flugslaktarn the Minotaur Fighter began the quest for the
                  | Orb.
     0 | D:1      | Reached XP level 1. HP: 19/19 MP: 0/0
   165 | D:2      | Reached XP level 2. HP: 22/27 MP: 1/1
   426 | D:3      | Reached skill level 3 in Axes
   495 | D:4      | Noticed an ogre
   512 | D:4      | Reached XP level 3. HP: 28/33 MP: 2/2
   513 | D:4      | Killed an ogre
   513 | D:4      | Reached skill level 4 in Axes
   513 | D:4      | Reached XP level 4. HP: 35/41 MP: 3/3
   559 | D:4      | You fall into a shaft and drop 1 floor!
   559 | D:5      | Entered Level 5 of the Dungeon
   567 | D:5      | Reached XP level 5. HP: 20/47 MP: 4/4
   575 | D:5      | Found Liajimergh's Armour Shop.
   587 | D:5      | Got a pair of faintly glowing boots
   618 | D:6      | Noticed Maggie
   929 | D:5      | Identified the +2 pair of boots of the Heavens {rC- Str+3
                  | Dex+5 Stlth+} (You found it on level 5 of the Dungeon)
   982 | D:5      | Found an ancient bone altar of Kikubaaqudgha.
   982 | D:5      | Found a shadowy altar of Dithmenos.
   983 | D:5      | Found a shattered altar of Ashenzari.
  1052 | D:5      | Reached skill level 5 in Axes
  1164 | D:5      | Reached XP level 6. HP: 55/55 MP: 5/5
  1220 | D:4      | Reached skill level 5 in Armour
  1384 | D:4      | Reached skill level 5 in Fighting
  1384 | D:4      | Reached skill level 5 in Shields
  1446 | D:4      | Noticed Eustachio
  1467 | D:4      | Killed Eustachio
  1467 | D:4      | Reached skill level 6 in Axes
  1467 | D:4      | Reached XP level 7. HP: 37/61 MP: 6/6
  1939 | D:4      | Found a staircase to the Ecumenical Temple.
  1970 | Temple   | Entered the Ecumenical Temple
  2208 | Temple   | Became a worshipper of Gozag Ym Sagoz the Greedy
  2261 | D:4      | Reached skill level 7 in Axes
  2437 | D:4      | Noticed a moth of wrath
  2440 | D:4      | Found a bloodstained altar of Trog.
  2623 | D:5      | Found a blossoming altar of Fedhas.
  2713 | D:5      | Found a stormy altar of Qazlal.
  2906 | D:6      | Reached XP level 8. HP: 67/70 MP: 7/7
  2982 | D:6      | HP: 3/70 [Maggie/+0 morningstar of flaming (2)]
  2982 | D:6      | Mangled by an orc warrior

Illustrated notes

Levels and vault maps discovered:
D:1:      psy_arrival_wood_between_worlds, layout_basic, ashenzari_altar_1
D:2:      layout_loops_ring, minmay_misc_feat_iff
D:3:      layout_basic
D:4:      layout_cave_pools, tgw_trog, temple_doors_cd, first_ration,
          minmay_misc_feat_four_crosses, uniq_eustachio
D:5:      layout_basic, kennysheep_mini,
          chequers_temple_overflow_statue_of_worship, old_standard_altar,
          serial_shops, shop
D:6:      layout_rooms, chequers_serial_rivers_room_b, okawaru_gym_becter,
          uniq_maggie
Temple:   dpeg_chambers_temple

Skill      XL: |  1  2  3  4  5  6  7 |
---------------+----------------------+-----
Axes           | 3 4 5 6 7 |  7.3
Armour         | 4 5 6 |  6.1
Shields        | 4 5 6 |  6.1
Fighting       | 4 5 6 |  6.1

Action                   |  1- 3 |  4- 6 |  7- 9 || total
-------------------------+-------+-------+-------++-------
Melee: War axe           |    26 |    60 |    84 ||   170
       Headbutt          |     3 |    10 |    24 ||    37
  Use: Scroll            |       |     5 |       ||     5
       Potion            |       |     3 |       ||     3
  Eat: Chunk             |       |     2 |     1 ||     3
       Ration            |       |       |     1 ||     1
Armor: Scale mail        |     6 |    22 |       ||    28
       Chain mail        |       |    23 |    50 ||    73
Dodge: Dodged            |     8 |    26 |    18 ||    52
Block: Kite shield       |    13 |    63 |    55 ||   131

Table legend:
 A = Non-vault XP
 B = Vault XP
 C = Vault XP percentage of total XP
 D = Non-vault monster count
 E = Vault monster count
 F = Vault count percentage of total count
                 A         B        C        D         E       F
            +---------+---------+-------+---------+---------+-------
      Total |    1214 |     220 |  15.3 |      58 |       6 |   9.4
            +---------+---------+-------+---------+---------+-------
        D:1 |       1 |       0 |   0.0 |       1 |       0 |   0.0
        D:2 |      12 |       0 |   0.0 |       5 |       0 |   0.0
        D:3 |      17 |       0 |   0.0 |       4 |       0 |   0.0
        D:4 |     788 |     220 |  21.8 |      24 |       6 |  20.0
        D:5 |     289 |       0 |   0.0 |      17 |       0 |   0.0
        D:6 |     107 |       0 |   0.0 |       7 |       0 |   0.0
            +---------+---------+-------+---------+---------+-------
